I played like ass at the begining but it was a good game??

Match 10703216
End
Construct Infanterie Kompanie
Grenadier Squad
MG 42 Machine Gun Team
GrW 34 Mortar Team
Grenadier Squad
Construct Panzergrenadier Kompanie
Pak 40 Anti-tank Gun Team
Selects Mechanized Battlegroup
Selects Fuel Seizure
Panzergrenadier Squad
Selects Zeroing Artillery Barrage
Zeroing Artillery Barrage
Construct Panzer Kompanie
Grenadier Squad
Selects Raid Package
Selects 8 Rad Armored Car
Stoßtruppen Squad
Zeroing Artillery Barrage
Panzer IV Medium Tank
Pioneer Squad
Zeroing Artillery Barrage
Selects Panther Heavy Tank
Panther Heavy Tank
Zeroing Artillery Barrage
Selects Wespe Self-propelled Artillery
Zeroing Artillery Barrage
Pioneer Squad
Zeroing Artillery Barrage
Zeroing Artillery Barrage
Wespe Self-propelled Artillery
Zeroing Artillery Barrage
Pioneer Squad
Grenadier Squad
Grenadier Squad
Infanterie Officer Quarters
Zeroing Artillery Barrage
Zeroing Artillery Barrage
NEP_wilson_NEP
WilllTHENOOBz
banstyle
我小叮当今晚要搞事!
水雷祝你🐎早死
dafeifei
苹果好天气
忽鲁图
0
0

Comments sign in to comment!

No comments posted yet!